 Dungeon Crawl Stone Soup version 0.28-a0-589-g333b8329f1 (webtiles) character file.

Game seed: 10176800687793184871

3673 lawman0 the Geomancer (level 9, -4/68 HPs)
             Began as a Deep Dwarf Earth Elementalist on Oct 4, 2021.
             Slain by a wight (8 damage)
             ... on level 9 of the Dungeon.
             The game lasted 00:22:47 (8642 turns).

lawman0 the Geomancer (DDEE)                        Turns: 8642, Time: 00:22:48

Health: -4/68      AC:  7    Str: 12    XL:     9   Next: 89%
Magic:  16/16      EV: 12    Int: 19    God:
Gold:   245        SH:  5    Dex: 19    Spells: 7/19 levels left

rFire   . . .      SeeInvis .   e - +2 dagger (elec)
rCold   . . .      Faith    .   u - +0 buckler
rNeg    . . .      Spirit   .   t - +2 leather armour of Muttered Phrases {Dex+6}
rPois   .          Reflect  .   o - +1 hat
rElec   .          Harm     .   (no cloak)
rCorr   .          Rampage  .   l - +0 pair of gloves
Will    +....                   (no boots)
Stlth   +++.......              (no amulet)
HPRegen 0.00/turn               (no ring)
MPRegen 0.15/turn               (no ring)

@: slowed, very slow
A: damage resistance, heal wounds, sense surroundings 2, no regeneration
a: Heal Wounds


You were on level 9 of the Dungeon.
You visited 2 branches of the dungeon, and saw 10 of its levels.

You collected 380 gold pieces.
You spent 135 gold pieces at shops.

Inventory:

Hand Weapons
 e - a +2 dagger of electrocution (weapon)
Missiles
 c - 126 stones
 f - 4 curare-tipped darts
Armour
 l - a +0 pair of gloves (worn)
 o - a +1 hat (worn)
 t - the +2 leather armour of Muttered Phrases (worn) {Dex+6}
   (You found it on level 5 of the Dungeon)

   Dex:       It affects your dexterity (+6).
 u - a +0 buckler (worn)
Wands
 d - a wand of iceblast (8)
 s - a wand of flame (21)
Scrolls
 a - a scroll of immolation
 g - 3 scrolls of noise
 k - a scroll of vulnerability
 m - a scroll of identify
 n - a scroll of enchant armour
 w - a scroll of silence
 x - 2 scrolls of enchant weapon
 C - 2 scrolls of torment
Potions
 b - a potion of brilliance {unknown}
 h - 5 potions of curing {unknown}
 i - a potion of attraction {unknown}
 j - a potion of flight
 p - a potion of heal wounds
 q - 2 potions of haste
 r - 2 potions of lignification {unknown}
 v - 2 potions of might {unknown}
 z - a potion of berserk rage {unknown}
 A - a potion of invisibility {unknown}
 B - a potion of ambrosia {unknown}


   Skills:
 + Level 0.2 Fighting
 + Level 1.5 Armour
 + Level 2.8 Dodging
 + Level 4.2 Stealth
 * Level 3.4 Shields
 + Level 5.9 Spellcasting
 + Level 1.8 Conjurations
 * Level 5.1 Transmutations
 * Level 13.1 Earth Magic
 + Level 0.1 Poison Magic


You had 7 spell levels left.
You knew the following spells:

 Your Spells              Type           Power      Damage    Failure   Level
a - Sandblast             Erth           100%       2d20      1%          1
b - Passwall              Tmut/Erth      33%        N/A       1%          2
c - Sting                 Tmut/Pois      60%        1d6       5%          1
d - Stone Arrow           Conj/Erth      66%        3d11      2%          3
e - Lee's Rapid Deconstr  Erth           26%        3d15*     1%          5

Your spell library contained the following spells:

 Spells                   Type           Power      Damage    Failure   Level
 Beastly Appendage        Tmut           50%        N/A       1%          1
 Wereblood                Tmut           25%        N/A       3%          2
 Petrify                  Tmut/Erth      40%        N/A       3%          4
 Leda's Liquefaction      Hex/Erth       15%        N/A       11%         4
 Spider Form              Tmut/Pois      7%         N/A       16%         3
 Poisonous Vapours        Pois/Air       10%        N/A       24%         2
 Slow                     Hex            5%         N/A       24%         2
 Confusing Touch          Hex            5%         N/A       43%         3
 Tukima's Dance           Hex            5%         N/A       43%         3
 Statue Form              Tmut/Erth      26%        N/A       50%         6
 Olgreb's Toxic Radiance  Pois           6%         N/A       83%         4
 Yara's Violent Unravell  Hex/Tmut       7%         3d5       83%         5
 Passage of Golubria      Tloc           N/A        N/A       85%         4


Dungeon Overview and Level Annotations

Branches:
Dungeon (9/15)             Temple (1/1) D:7
   Lair: D:8-11         Orc: D:9-12

Altars:
Ashenzari
Cheibriados
Dithmenos
Elyvilon
Fedhas
Gozag
Hepliaklqana
Kikubaaqudgha
Makhleb
Nemelex Xobeh
Okawaru
Qazlal
Ru
Trog
Uskayaw
Vehumet
Wu Jian
Xom
Yredelemnul
Zin
The Shining One

Shops:
D:1 [:(?[   D:2 (*(   D:8 *

Annotations:
D:6 3 runed translucent doors, robertstho's ghost, novice DjFE


Innate Abilities, Weirdness & Mutations

You are resistant to damage.
You can heal yourself by infusing magical energy.
You passively map the area around you.
You do not regenerate.


Message History

You kill the two-headed ogre!
Your Shields skill increases to level 3!
Your Transmutations skill increases to level 5!
Your Earth Magic skill increases to level 13!
Unknown command.
Things that are here:
a +0 dire flail; a +0 dire flail; a two-headed ogre corpse You feel much better.
Found 21 stones.
c - 126 stones (gained 21)
A wight comes into view.
It is wielding a +2 flail. 3 wights come into view.
A wight is wielding a +1 flail of draining.
Okay, then.
The wight barely misses you. The wight hits you with a +2 flail.
Found a metallic cyan potion.
The wight hits you with a +0 scimitar.
A wraith comes into view.
You block the wraith's attack. The wraith hits you.
The wraith drains your vigour!
You feel yourself slow down. The wraith hits you.
The wraith drains your vigour!
You feel as though you will be slow longer.
The wraith barely misses you. The wight hits you with a +2 flail!
The wight hits you with a +2 flail!
* * * LOW HITPOINT WARNING * * *
The wraith hits you!
* * * LOW HITPOINT WARNING * * *
The wraith closely misses you. You block the wight's attack.
The wight barely misses you.
You closely miss the wight. The wight closely misses you. The wraith hits you!
* * * LOW HITPOINT WARNING * * *
The wraith drains your vigour!
You feel as though you will be slow longer.
You block the wraith's attack.
Unknown command.
You hit the wraith. Lightning courses through the wraith!!
The wraith is severely damaged.
The wight hits you with a +1 flail of draining!
You die...

#....##.#
#
#....##.#
#
#!...##.#
#
#....##.#
# #....# #
# #....#
.# #
#...z##.#
#
#...zW..#
##########
#...z@.##
#.........
#......#
#.........
#.###..#
#.####....
#. #..#
#.# #....
#.**#..#
#.# #....
...# #.#
#.... *
...# #.#
#.... *,
...#
#.####....
,,,
#.......>.


You could see a wraith and 3 wights.

Vanquished Creatures
  A two-headed ogre (D:9)
  Prince Ribbit (D:5)
  A wyvern (D:9)
  Menkaure (D:5)
  A black bear (D:4)
  An ice beast (D:8)
  2 ogres (D:5)
  4 centaurs
  A kobold brigand (D:6)
  2 bullfrogs
  3 scorpions
  A wyvern skeleton (D:6)
  A water moccasin skeleton (D:5)
  2 killer bees (D:9)
  5 wights (D:8)
  2 howler monkeys
  2 centaur zombies
  A centaur skeleton (D:4)
  A hound (D:6)
  4 orc priests
  A bullfrog skeleton (D:5)
  A gnoll shaman (D:6)
  4 iguanas
  13 orc wizards
  A hound skeleton (D:4)
  7 gnolls
  7 adders
  A shadow imp (D:6)
  An adder skeleton (D:4)
  A worm (D:2)
  3 dart slugs
  27 orcs
  9 endoplasms
  3 giant cockroaches
  8 goblins
  7 hobgoblins
  5 jackals
  8 kobolds
  3 quokkas
  6 ball pythons
  4 bats
  3 frilled lizards
  8 rats
168 creatures vanquished.

Vanquished Creatures (collateral kills)
  An orc warrior (D:9)
  A killer bee (D:9)
2 creatures vanquished.

Vanquished Creatures (others)
  10 plants (D:3)
10 creatures vanquished.

Grand Total: 180 creatures vanquished

Notes
Turn   | Place    | Note
-------+----------+-------------------------------------------
     0 | D:1      | lawman0 the Deep Dwarf Earth Elementalist began the quest
                  | for the Orb.
     0 | D:1      | Reached XP level 1. HP: 15/15 MP: 3/3
     2 | D:1      | Found Yxzaiga's Weapon Shop.
   324 | D:1      | Reached XP level 2. HP: 22/22 MP: 2/4
   347 | D:1      | Found Feuc's Book Shop.
   400 | D:1      | Found Zaegiz's Armour Shop.
   583 | D:1      | Found Loighoant's Magic Scroll Emporium.
   651 | D:1      | Learned a level 2 spell: Passwall
   836 | D:1      | Reached skill level 5 in Earth Magic
   949 | D:1      | Found Xuyryasm's Antique Armour Shoppe.
  1208 | D:2      | Reached XP level 3. HP: 26/28 MP: 3/5
  1291 | D:2      | Found Pobruc's Weapon Shop.
  1356 | D:2      | Reached skill level 1 in Transmutations
  1358 | D:2      | Learned a level 1 spell: Sting
  1428 | D:2      | Found Esiv's General Store.
  1579 | D:2      | Found Xemiloal's Antique Weapon Boutique.
  1958 | D:3      | Found a snail-covered altar of Cheibriados.
  2121 | D:3      | Noticed a scorpion
  2131 | D:3      | Killed a scorpion
  2132 | D:3      | Reached skill level 6 in Earth Magic
  2132 | D:3      | Reached XP level 4. HP: 26/36 MP: 4/7
  2137 | D:3      | Learned a level 3 spell: Stone Arrow
  2206 | D:3      | Reached XP level 5. HP: 29/42 MP: 3/8
  2354 | D:3      | Found an opulent altar of Gozag.
  2377 | D:3      | Found a white marble altar of Elyvilon.
  3261 | D:4      | Reached skill level 7 in Earth Magic
  3265 | D:4      | Reached XP level 6. HP: 27/49 MP: 0/10
  3705 | D:4      | Reached skill level 8 in Earth Magic
  3754 | D:4      | Found a blossoming altar of Fedhas.
  3860 | D:4      | Reached XP level 7. HP: 34/55 MP: 8/11
  3901 | D:4      | Found a hide-covered altar of Uskayaw.
  4312 | D:4      | Found a shimmering altar of Xom.
  4379 | D:5      | Entered Level 5 of the Dungeon
  4395 | D:5      | Reached skill level 9 in Earth Magic
  4777 | D:5      | Found a basalt altar of Yredelemnul.
  4847 | D:5      | Noticed Menkaure
  4906 | D:5      | Reached skill level 10 in Earth Magic
  4925 | D:5      | Reached XP level 8. HP: 62/62 MP: 5/12
  5017 | D:5      | Learned a level 5 spell: Lee's Rapid Deconstruction
  5414 | D:5      | Identified the +2 leather armour of Muttered Phrases
                  | {Dex+6}
  5418 | D:5      | Killed Menkaure
  5418 | D:5      | Noticed Prince Ribbit
  5427 | D:5      | Killed Prince Ribbit
  5917 | D:1      | Bought a buckler for 135 gold pieces
  6141 | D:6      | Reached skill level 1 in Shields
  6252 | D:6      | Reached skill level 11 in Earth Magic
  6829 | D:6      | Found a glowing golden altar of the Shining One.
  6835 | D:6      | Reached skill level 5 in Spellcasting
  6846 | D:6      | Found a burning altar of Makhleb.
  6846 | D:6      | Found an iron altar of Okawaru.
  6939 | D:6      | Gained mutation: You passively map the area around you.
                  | [Deep Dwarf growth]
  6939 | D:6      | Reached XP level 9. HP: 46/68 MP: 4/15
  7037 | D:6      | Found a runed translucent gate.
  7037 | D:6      | Found a runed translucent gate.
  7038 | D:6      | Found a runed translucent gate.
  7042 | D:6      | Noticed robertstho's ghost (novice DjFE)
  7345 | D:7      | Found a staircase to the Ecumenical Temple.
  7354 | Temple   | Entered the Ecumenical Temple
  7548 | D:7      | Identified the +5 scale mail of the Elephant {Fly}
  7744 | D:8      | Found Ceomanol's Mass Market.
  7782 | D:8      | Reached skill level 12 in Earth Magic
  7886 | D:8      | Reached skill level 1 in Conjurations
  7894 | D:8      | Found a bloodstained altar of Trog.
  8002 | D:9      | Reached skill level 1 in Armour
  8230 | D:9      | Found a shadowy altar of Dithmenos.
  8541 | D:9      | Noticed a two-headed ogre
  8563 | D:9      | Killed a two-headed ogre
  8564 | D:9      | Reached skill level 5 in Transmutations
  8564 | D:9      | Reached skill level 13 in Earth Magic
  8642 | D:9      | Slain by a wight

Illustrated notes

Levels and vault maps discovered:
D:1:      minmay_arrival_semitransparent, layout_loops_corners, serial_shops,
          nicolae_shop_crystal, shop, shop, shop, shop_fountains,
          minmay_misc_feat_roman, minmay_door_square, minmay_misc_feat_tiny
D:2:      layout_rooms, serial_shops, nicolae_square_shop,
          nicolae_shop_statue_plus, nicolae_shop_temple_entry_statues_fountains
D:3:      layout_loops_corners, cheibriados_altar_1,
          mainiacjoe_overflow_brackets, nicolae_elyvilon_temple_path
D:4:      layout_loops_corners, fedhas_altar_1, mainiacjoe_overflow_alcove_2,
          kennysheep_little_box
D:5:      layout_basic, marbit_many_paths, minmay_a_box_with_orc_wizards_in_it,
          uniq_prince_ribbit1, uniq_menkaure
D:6:      layout_basic, chequers_temple_overflow_statue_of_worship,
          ebering_ghost_rock_garden
D:7:      layout_gridville, minmay_temple_entry_stoned_glass, uniq_harold
D:8:      layout_cave_pools, lemuel_coloured_pillars_altar, minmay_shop_mass
D:9:      layout_stronghold, grunt_dithmenos_shadows
Temple:   dpeg_three_leaves_temple

Skill      XL: |  1  2  3  4  5  6  7  8  9 |
---------------+----------------------------+-----
Earth Magic    | 5 6 7 8 10 11 13 | 13.1
Transmutations | 1 2 3 4 5 |  5.1
Spellcasting   | 2 3 5 |  5.9
Stealth        | 3 4 |  4.2
Shields        | 1 3 |  3.4
Conjurations   | 1 |  1.8
Armour         | 1 |  1.5
Fighting       | |  0.2
Dodging        | |  2.8
Poison Magic   | |  0.1

Action                   |  1- 3 |  4- 6 |  7- 9 || total
-------------------------+-------+-------+-------++-------
Melee: Dagger            |    26 |    17 |    10 ||    53
 Cast: Sandblast         |    58 |    46 |    93 ||   197
       Sting             |     1 |     2 |     3 ||     6
       Stone Arrow       |       |     3 |    28 ||    31
       Lee's Rapid Decon |       |       |     8 ||     8
 Abil: Heal Wounds       |       |     1 |     3 ||     4
Evoke: Wand              |       |       |     1 ||     1
  Use: Scroll            |     4 |     1 |    11 ||    16
 Stab: Sleeping          |     1 |       |       ||     1
Armor: Robe              |     8 |     7 |     1 ||    16
       Leather armour    |       |       |     4 ||     4
Dodge: Dodged            |    22 |    11 |    27 ||    60
Block: Buckler           |       |       |     7 ||     7

Table legend: (Time is in decaauts)
 A = Elapsed time spent in this place.
 B = Non-inter-level travel time spent in this place.
 C = Inter-level travel time spent in this place.
 D = Time resting spent in this place.
 E = Time spent auto-exploring this place.
 F = Levels seen in this place.
 G = Mean time per level.
                   A        B        C        D        E       F      G
               +--------+--------+--------+--------+--------+-----+--------+
         Total |   8649 |   8290 |    359 |    859 |   5229 |  10 |  864.9 |
       Dungeon |   8567 |   8208 |    359 |    859 |   5229 |   9 |  951.9 |
        Temple |     81 |     81 |      0 |      0 |      0 |   1 |   81.0 |
               +--------+--------+--------+--------+--------+-----+--------+

Top non-repeatable levels by time:
     D:5: 1512 daAuts
     D:4: 1342 daAuts
     D:1: 1250 daAuts
     D:3: 1236 daAuts
     D:6: 1213 daAuts
     D:2: 714 daAuts
     D:9: 667 daAuts
     D:7: 382 daAuts
     D:8: 249 daAuts
  Temple: 81 daAuts
